[Event "XV South American-chW U20 2019"]
[Site "Asuncion"]
[Date "2019.05.11"]
[Round "1.1"]
[White "Sanchez Tobar, Francisca Valenti"]
[Black "Gomez Barrera, Javiera Belen"]
[Result "0-1"]
[ECO "C45"]
[WhiteElo "1790"]
[BlackElo "2092"]
[Annotator "NA RC"]
[PlyCount "84"]
[EventDate "2019.05.11"]
[EventType "swiss"]
[EventCountry "PAR"]
[SourceTitle "playchess.com"]
[Source "ChessBase"]
[SourceQuality "1"]
[TimeControl "5400+30"]

1. e4 e5 2. Nf3 Nc6 3. d4 exd4 4. Nxd4 Bc5 5. Be3 Qf6 6. c3 Nge7 7. Bc4 O-O 8. O-O b6 9. Nc2 {C45: Scotch Game} Ne5 10. Be2 Bb7 11. Nd2 (11. f4 N5g6 12. e5 Qe6 13. b4 Bxe3+ 14. Nxe3 Nh4 15. Bg4 f5 16. Be2 Kh8 {0-1 (34) Kasparov,G (2812)-Caruana,F (2795) Saint Louis 2016}) 11... Bxe3 12. Nxe3 N5g6 13. g3 d5 14. Bf3 Rad8 15. Bg2 dxe4 16. Qc2 Ne5 17. Nxe4 (17. Rfd1 $17 {was called for.}) 17... Nf3+ $146 18. Kh1 Bxe4 19. Qxe4 Nd2 20. Qc2 Nxf1 21. Rxf1 Rfe8 22. Kg1 h6 23. h3 Qe6 24. b3 (24. b4 $142) 24... Ng6 25. Kh2 Ne5 26. Nf5 c5 27. c4 $19 Nd3 28. Ne3 Rd4 29. Bd5 Qe5 30. Qe2 Nb4 31. Bf3 Red8 32. a3 Rd2 33. Qe1 Na2 34. Bd5 Rb2 35. Qd1 Rf8 36. Ng4 Qe2 37. Qa1 Nc3 38. Re1 Qd2 39. Bg2 h5 40. Ne5 Qxf2 41. Rg1 Rd8 42. Nxf7 Rd1 0-1

[Event "XV South American-chW U20 2019"]
[Site "Asuncion"]
[Date "2019.05.11"]
[Round "1.2"]
[White "Campos, Maria Jose"]
[Black "Oviedo Acosta, Paula"]
[Result "1-0"]
[ECO "A37"]
[WhiteElo "2012"]
[BlackElo "1543"]
[Annotator "NA RC"]
[PlyCount "77"]
[EventDate "2019.05.11"]
[EventType "swiss"]
[EventCountry "PAR"]
[SourceTitle "playchess.com"]
[Source "ChessBase"]
[SourceQuality "1"]
[TimeControl "5400+30"]

1. c4 c5 2. g3 Nc6 3. Bg2 g6 4. Nc3 e5 5. Nf3 Nge7 6. O-O Bg7 7. a3 a5 8. d3 O-O 9. Rb1 d6 10. Ne1 Rb8 {A37: Symmetrical English vs ...g6: 4 Bg2 Bg7 5 Nf3} (10... Be6 11. Nc2 d5 12. cxd5 Nxd5 13. Ne3 Nde7 14. Nc4 Rb8 15. Bg5 f6 16. Be3 b6 17. Qa4 Nd4 18. Bxd4 exd4 19. Nb5 Nd5 20. b4 axb4 21. axb4 Nxb4 22. Rxb4 cxb4 {0-1 (30) Gledura,B (2630)-Grandelius,N (2694) Skopje 2019}) 11. Nc2 Nd4 12. b4 Qc7 $146 ({Predecessor:} 12... axb4 13. axb4 b6 14. bxc5 dxc5 15. Nxd4 cxd4 16. Ne4 Bb7 17. Ba3 f5 18. Ng5 Bxg2 19. Kxg2 {1-0 (62) Stojanovski,D (2453)-Nikoloski,K (2152) Ohrid 2017}) 13. Ne3 axb4 14. axb4 b5 15. Ned5 (15. bxc5 $16 Qxc5 16. Nc2) 15... Nxd5 16. Nxd5 Qa7 {[#]} 17. bxc5 (17. e3 $1 $16) 17... Qxc5 $2 (17... Bg4 $1 $11 {and Black stays safe.} 18. f3 Be6) 18. Ne7+ Kh8 19. e3 Nf5 20. Nxc8 Rfxc8 {[#]} 21. Qb3 $1 Rb6 22. Ba3 (22. cxb5 $18 Qc2 23. Ba3 Qxb3 24. Rxb3) 22... b4 23. Bb2 Ne7 24. Ra1 Rd8 (24... Bf6 $16 25. Ra7 Kg7) 25. Ra7 Bf6 $2 {[#]} (25... d5 {is a better defense.} 26. cxd5 Nxd5) 26. d4 $1 exd4 27. exd4 Qf5 28. c5 (28. d5 $142) 28... dxc5 29. dxc5 Re6 30. Qxb4 Kg7 31. h4 ({White should try} 31. g4 Qg5 32. f4) 31... Nc6 32. Bxc6 Rxc6 33. Qb7 Qd5 34. Bxf6+ Kxf6 35. Qb2+ Qd4 36. Qb3 Qd5 37. Qc3+ Qd4 38. Qf3+ Kg7 39. Qxf7+ 1-0

[Event "XV South American-chW U20 2019"]
[Site "Asuncion"]
[Date "2019.05.11"]
[Round "1.3"]
[White "Noronha Linares, Alessandra Fiorella"]
[Black "Puppi Lazo, Stephanie Beatriz"]
[Result "1/2-1/2"]
[ECO "B86"]
[WhiteElo "1506"]
[BlackElo "1955"]
[Annotator "NA RC"]
[PlyCount "149"]
[EventDate "2019.05.11"]
[EventType "swiss"]
[EventCountry "PAR"]
[SourceTitle "playchess.com"]
[Source "ChessBase"]
[SourceQuality "1"]
[TimeControl "5400+30"]

1. e4 c5 2. Nf3 d6 3. Nc3 Nf6 4. Bc4 a6 5. d4 cxd4 6. Nxd4 e6 7. Bb3 Nbd7 8. Qe2 Nc5 9. Bg5 Be7 10. f4 h6 11. Bxf6 Bxf6 12. O-O-O Qc7 13. Kb1 {B86: Sicilian Scheveningen/Najdorf: 6 Bc4, without early ...b5} Bd7 14. Rhe1 O-O-O 15. e5 Be7 16. Nf5 Bc6 17. exd6 $146 ({Predecessor:} 17. Nxe7+ Qxe7 18. exd6 Rxd6 19. Bd5 Qc7 20. Bxc6 Rxc6 21. g3 Rd8 {½-½ (21) Palac,M (2350)-Badea,B (2510) Chania 1989}) 17... Bxd6 18. Nxd6+ Rxd6 19. Rxd6 Qxd6 20. g3 h5 21. Rd1 Qc7 22. Kc1 h4 23. Qg4 hxg3 24. hxg3 g6 25. Qg5 Bf3 26. Rf1 Bg2 27. Re1 Kb8 28. Qe5 Rh3 29. Qxc7+ Kxc7 30. Re3 b5 31. a4 Kc6 32. axb5+ axb5 33. Kd2 Nxb3+ 34. cxb3 b4 35. Ne2 Bd5 36. Nd4+ (36. Nc1 $142) 36... Kc5 37. Ne2 Rh1 38. Nc1 Rh2+ 39. Ne2 (39. Re2 $17 Rh3 40. Nd3+ Kb5 41. Re3) 39... f6 40. Kd1 Rh1+ 41. Kc2 Rf1 42. Kd2 f5 43. Nc1 Rf2+ 44. Re2 Rxe2+ 45. Kxe2 Kd4 46. Kd2 Ke4 47. Nd3 Kf3 48. Nxb4 Bxb3 49. Nd3 Kxg3 50. Ke3 Kh4 51. Kd4 g5 52. fxg5 Kxg5 53. Ke5 Bc4 54. Nf4 Kg4 55. b4 Kh4 56. Ng6+ Kg5 57. Nf4 Kh6 58. Nh3 Kg6 59. Nf4+ Kf7 60. Ng2 Ke7 61. Ne3 Bd3 {[#]} 62. b5 $1 Kd7 63. b6 Kc6 64. Kxe6 f4 65. Ng4 Kxb6 66. Ke5 f3 67. Kd4 Bf5 68. Nf2 Bc8 69. Ke3 Bb7 70. Nh1 Kc5 71. Nf2 Kc4 72. Nh1 Kc3 73. Nf2 Kc2 74. Nh3 Kd1 75. Ng5 1/2-1/2

[Event "XV South American-chW U20 2019"]
[Site "Asuncion"]
[Date "2019.05.11"]
[Round "1.4"]
[White "Malan, Lucia"]
[Black "Lugo, Tatiana"]
[Result "1-0"]
[ECO "C75"]
[WhiteElo "1880"]
[BlackElo "1310"]
[Annotator "NA RC"]
[PlyCount "55"]
[EventDate "2019.05.11"]
[EventType "swiss"]
[EventCountry "PAR"]
[SourceTitle "playchess.com"]
[Source "ChessBase"]
[SourceQuality "1"]
[TimeControl "5400+30"]

1. e4 e5 2. Nf3 Nc6 3. Bb5 d6 4. O-O Nge7 5. c3 Bd7 6. d4 a6 7. Ba4 b5 {C75: Ruy Lopez: Deferred Steinitz: 5 c3 Bd7 6 d4 without ...g6} (7... Ng6 8. Be3 Be7 9. Nbd2 O-O 10. Re1 Kh8 11. Bc2 Bf6 12. Rc1 Qe7 13. h3 Rae8 14. a3 a5 15. d5 Nd8 16. b4 axb4 17. cxb4 c6 18. dxc6 bxc6 {1-0 (36) Hansen,E (2616)-Vavulin,M (2604) Jurmala 2017}) 8. Bb3 Ng6 9. Ng5 f6 $146 ({Predecessor:} 9... Be6 10. Bxe6 fxe6 11. Nxe6 Qe7 12. d5 Nd8 13. Bg5 Qd7 14. Bxd8 Rxd8 15. Nxd8 Qxd8 {1-0 (24) O'Brien,G (1326)-Bortnicker,J (808) LSS email 2012}) 10. Nf7 Qe7 11. Nxh8 Nxh8 12. a4 Rb8 13. axb5 axb5 14. f4 Nf7 15. Be3 Qd8 {[#]} (15... exf4 $142 16. Bxf4 g6) 16. Qh5 $1 Qe7 17. Nd2 h6 (17... exd4 $142 18. cxd4 Nb4) 18. fxe5 dxe5 19. Nf3 Ncd8 20. dxe5 fxe5 {[#]} 21. Nxe5 $18 Be6 22. Bxe6 Qxe6 23. Rf5 c6 24. Ra7 Be7 25. Ng6 Bd6 26. Nh8 Qxe4 27. Rfxf7 Qxe3+ 28. Rf2+ 1-0

[Event "XV South American-chW U20 2019"]
[Site "Asuncion"]
[Date "2019.05.11"]
[Round "1.5"]
[White "Duarte Laconich, Jazmin"]
[Black "Molina, Jessica"]
[Result "0-1"]
[ECO "A07"]
[WhiteElo "1263"]
[BlackElo "1842"]
[Annotator "NA RC"]
[PlyCount "118"]
[EventDate "2019.05.11"]
[EventType "swiss"]
[EventCountry "PAR"]
[SourceTitle "playchess.com"]
[Source "ChessBase"]
[SourceQuality "1"]
[TimeControl "5400+30"]

1. Nf3 d5 2. g3 e6 3. Bg2 Nf6 4. O-O Bd6 5. d3 b6 6. Nbd2 Bb7 7. Re1 O-O 8. e4 dxe4 9. dxe4 e5 10. h3 Re8 11. c3 h6 12. Nh2 a5 13. Ng4 Bc8 14. Nh2 Ra7 15. Ndf1 c6 16. Ne3 Be6 17. Neg4 Rd7 18. Qe2 b5 19. b3 Bc7 20. Be3 Nh7 21. Kh1 h5 22. Nh6+ gxh6 23. Qxh5 Qf6 24. g4 Qg6 25. Qh4 Ng5 26. f3 Rd3 27. Rac1 Red8 28. Bf1 R3d7 29. Qg3 f6 30. h4 Nh7 31. Be2 Rg7 32. h5 Qxh5 33. Qf2 Qg6 34. Rg1 Ng5 35. Qh4 Nd7 36. Rcf1 Bb6 37. Bf2 Bxf2 38. Rxf2 Nc5 39. Rfg2 Nd3 40. Rd1 Rgd7 41. Bxd3 Rxd3 42. Rf1 Rxc3 43. Qe1 b4 44. f4 Qxe4 45. fxg5 Qxe1 46. Rxe1 Bd5 47. gxf6 Rg3 48. Nf3 Bxf3 49. Kh2 Rxg2+ 50. Kh3 Rd3 51. Kh4 Bxg4 52. Rh1 Rh3+ 53. Rxh3 Bxh3 54. Kxh3 Rg5 55. Kh4 e4 56. Kh3 e3 57. Kh2 e2 58. Kh3 e1=Q 59. f7+ Kxf7 0-1

[Event "XV South American-chW U20 2019"]
[Site "Asuncion"]
[Date "2019.05.12"]
[Round "2.1"]
[White "Gomez Barrera, Javiera Belen"]
[Black "Malan, Lucia"]
[Result "1-0"]
[ECO "C42"]
[WhiteElo "2092"]
[BlackElo "1880"]
[Annotator "NA"]
[PlyCount "53"]
[EventDate "2019.05.11"]
[EventType "swiss"]
[EventCountry "PAR"]
[SourceTitle "playchess.com"]
[Source "ChessBase"]
[SourceQuality "1"]
[TimeControl "5400+30"]

1. e4 e5 2. Nf3 Nf6 3. Nxe5 d6 4. Nf3 Nxe4 5. d4 Be7 6. Bd3 d5 7. O-O Bf5 8. Ne5 Nd7 9. Bf4 O-O 10. Re1 Nxe5 11. Bxe5 Qd7 12. c4 c6 13. Qe2 Bd6 14. f3 Bxe5 15. dxe5 Nc5 16. Bxf5 Qxf5 17. cxd5 cxd5 18. Rd1 Rad8 19. Nc3 d4 20. Nb5 Rfe8 21. Nxd4 Qg5 22. Nb3 Nxb3 23. axb3 Kf8 24. Ra5 Rxd1+ 25. Qxd1 Rxe5 26. Qd6+ Qe7 27. Qxe5 1-0

[Event "XV South American-chW U20 2019"]
[Site "Asuncion"]
[Date "2019.05.12"]
[Round "2.3"]
[White "Molina, Jessica"]
[Black "Noronha Linares, Alessandra Fiorella"]
[Result "1/2-1/2"]
[ECO "D94"]
[WhiteElo "1842"]
[BlackElo "1506"]
[Annotator "NA"]
[PlyCount "107"]
[EventDate "2019.05.11"]
[EventType "swiss"]
[EventCountry "PAR"]
[SourceTitle "playchess.com"]
[Source "ChessBase"]
[SourceQuality "1"]
[TimeControl "5400+30"]

1. d4 Nf6 2. c4 g6 3. Nc3 d5 4. Nf3 Bg7 5. e3 c6 6. b3 Qc7 7. Bb2 Nbd7 8. Rc1 Qd6 9. Be2 O-O 10. O-O a6 11. Qc2 dxc4 12. Bxc4 e5 13. dxe5 Nxe5 14. Nxe5 Qxe5 15. Nd5 Qd6 16. Bxf6 Bxf6 17. Nb6 Rb8 18. Rfd1 Qe7 19. Qd2 Bf5 20. Nd7 Bxd7 21. Qxd7 Rfd8 22. Qxe7 Bxe7 23. g3 Ba3 24. Rb1 b5 25. Be2 c5 26. Kf1 Kf8 27. Rxd8+ Rxd8 28. Rd1 Rxd1+ 29. Bxd1 Ke7 30. Ke2 c4 31. bxc4 bxc4 32. Kd2 Bb4+ 33. Kc2 Kd6 34. Be2 Kc5 35. g4 f5 36. gxf5 gxf5 37. Bh5 Be1 38. f3 Bf2 39. e4 fxe4 40. fxe4 Bd4 41. Bf7 Be5 42. h4 a5 43. h5 Bg7 44. h6 Bxh6 45. Bg8 Bg7 46. Bxh7 Kb4 47. Bg8 a4 48. Bf7 Kc5 49. Be8 a3 50. Bf7 Kd4 51. Bd5 c3 52. Bb7 Ke3 53. Bd5 Be5 54. Bb7 1/2-1/2

[Event "XV South American-chW U20 2019"]
[Site "Asuncion"]
[Date "2019.05.12"]
[Round "2.5"]
[White "Lugo, Tatiana"]
[Black "Sanchez Tobar, Francisca Valenti"]
[Result "0-1"]
[ECO "A48"]
[WhiteElo "1310"]
[BlackElo "1790"]
[Annotator "NA"]
[PlyCount "74"]
[EventDate "2019.05.11"]
[EventType "swiss"]
[EventCountry "PAR"]
[SourceTitle "playchess.com"]
[Source "ChessBase"]
[SourceQuality "1"]
[TimeControl "5400+30"]

1. d4 Nf6 2. Bf4 g6 3. Nf3 Bg7 4. e3 O-O 5. h3 d6 6. Be2 b6 7. O-O Bb7 8. Nc3 Nbd7 9. a3 Ne4 10. Nxe4 Bxe4 11. Rc1 Bb7 12. c4 e5 13. Bh2 e4 14. Nd2 Qe7 15. Qc2 Kh8 16. b4 c5 17. bxc5 bxc5 18. Rb1 Nb6 19. d5 Rae8 20. Nb3 f5 21. Na5 Ba8 22. Rfd1 Qc7 23. Qd2 Na4 24. Rb3 Rb8 25. Rxb8 Rxb8 26. Nc6 Rb2 27. Qe1 Nc3 28. Bf1 Nxd1 29. Qxd1 Bxc6 30. dxc6 Be5 31. Bxe5+ dxe5 32. Qd5 Qe7 33. Kh2 Rxf2 34. Kg3 Rxf1 35. Qd2 f4+ 36. exf4 exf4+ 37. Kh2 Qc7 0-1

[Event "XV South American-chW U20 2019"]
[Site "Asuncion"]
[Date "2019.05.12"]
[Round "2.6"]
[White "Oviedo Acosta, Paula"]
[Black "Duarte Laconich, Jazmin"]
[Result "0-1"]
[ECO "C10"]
[WhiteElo "1543"]
[BlackElo "1263"]
[Annotator "NA"]
[PlyCount "100"]
[EventDate "2019.05.11"]
[EventType "swiss"]
[EventCountry "PAR"]
[SourceTitle "playchess.com"]
[Source "ChessBase"]
[SourceQuality "1"]
[TimeControl "5400+30"]

1. e4 e6 2. d4 d5 3. Nd2 dxe4 4. Nxe4 Nd7 5. Nf3 Ngf6 6. Ng3 Be7 7. Bd3 O-O 8. O-O b6 9. c3 c5 10. Ne4 Bb7 11. Nxf6+ Nxf6 12. Bg5 Rc8 13. Be3 Nd5 14. Qc2 h6 15. Bh7+ Kh8 16. Bxh6 gxh6 17. Be4 cxd4 18. Nxd4 Bf6 19. Qd2 Bg5 20. Qd3 Nf4 21. Qf3 Bxe4 22. Qxe4 Qd5 23. Qxd5 Nxd5 24. g3 Bf6 25. Nb5 a6 26. Nd6 Rcd8 27. Nc4 b5 28. Nd2 Nxc3 29. Nb3 Ne4 30. Rfe1 Nd2 31. Re2 Nxb3 32. axb3 Rd3 33. Rxa6 Rxb3 34. Ra3 Rb4 35. Rf3 Kg7 36. b3 Ra8 37. Rd3 Ra3 38. Ree3 Bd4 39. Rf3 e5 40. Rd2 Rbxb3 41. Rxb3 Rxb3 42. h3 b4 43. Kf1 Rb1+ 44. Ke2 b3 45. Kd3 b2 46. f4 Rc1 47. fxe5 b1=Q+ 48. Kxd4 Qb4+ 49. Kd3 Qc4+ 50. Ke3 Re1+ 0-1

[Event "XV South American-chW U20 2019"]
[Site "Asuncion"]
[Date "2019.05.12"]
[Round "3.1"]
[White "Campos, Maria Jose"]
[Black "Gomez Barrera, Javiera Belen"]
[Result "0-1"]
[ECO "A26"]
[WhiteElo "2012"]
[BlackElo "2092"]
[Annotator "NA RC"]
[PlyCount "74"]
[EventDate "2019.05.11"]
[EventType "swiss"]
[EventCountry "PAR"]
[SourceTitle "playchess.com"]
[Source "ChessBase"]
[SourceQuality "1"]
[TimeControl "5400+30"]

1. c4 Nf6 2. g3 g6 3. Bg2 Bg7 4. Nc3 O-O 5. e4 d6 6. Nge2 e5 7. O-O Nc6 8. d3 Be6 9. Nd5 Nd7 {A26: English Opening vs King's Indian with ...Nc6 and d3} 10. Be3 Nd4 11. Qd2 c6 12. Ndc3 (12. Ndf4 $5) 12... a5 13. f4 $146 ({Predecessor:} 13. Bh6 Bxh6 14. Qxh6 Qb6 15. Qd2 Bh3 {1-0 (60) Kostenko,P (2500)-Khouseinov,R (2274) Dushanbe 2013}) 13... Nc5 14. Rf2 f5 15. Raf1 fxe4 16. Nxe4 Nxe4 17. Bxe4 Nf5 18. Bxf5 Bxf5 19. d4 Re8 20. Nc3 Qe7 (20... exf4 $17 21. Rxf4 Qe7) 21. fxe5 dxe5 22. d5 a4 23. Bh6 Bxh6 24. Qxh6 Qc5 25. Kg2 Bd3 26. Rd1 {[#]} e4 ({Much weaker is} 26... Bxc4 $6 27. Rf7 $11 (27. d6 Red8 $11)) ({Don't take} 26... Qxc4 27. Qg5 $17) (26... Rf8 $142 $1 27. Qd2 e4) 27. dxc6 (27. Rf4 $15) 27... bxc6 ({Don't do} 27... Qxc6 28. Nd5 $17) 28. Rf4 Qd4 ({Don't take} 28... Qxc4 29. Rh4 $19) 29. h4 Ra5 30. Rg4 $2 (30. Rxd3 $1 $11 Qxd3 {[#]} 31. Nxe4 $1 ) 30... Rf8 31. Qd2 Raf5 32. Rf4 Rxf4 ({Don't do} 32... Qxc4 33. a3 $19) 33. gxf4 Qxc4 34. Re1 Qd4 35. Kg3 Re8 36. Qd1 a3 37. Qb3+ Bc4 0-1

[Event "XV South American-chW U20 2019"]
[Site "Asuncion"]
[Date "2019.05.12"]
[Round "3.2"]
[White "Molina, Jessica"]
[Black "Puppi Lazo, Stephanie Beatriz"]
[Result "0-1"]
[ECO "A03"]
[WhiteElo "1842"]
[BlackElo "1955"]
[Annotator "NA"]
[PlyCount "95"]
[EventDate "2019.05.11"]
[EventType "swiss"]
[EventCountry "PAR"]
[SourceTitle "playchess.com"]
[Source "ChessBase"]
[SourceQuality "1"]
[TimeControl "5400+30"]

1. f4 d5 2. Nf3 h5 3. d4 Nh6 4. e3 Bg4 5. Be2 e6 6. Nbd2 c5 7. c3 Nc6 8. Nf1 (8. h3 $11 {keeps the balance.} Bxf3 9. Nxf3) 8... Nf5 9. Ng5 Bxe2 10. Qxe2 Be7 11. Nf3 Qb6 12. Ne5 Rc8 13. Nxc6 Rxc6 14. Nd2 cxd4 15. exd4 Qc7 16. O-O Bd6 17. Nf3 Qe7 ({Weaker is} 17... Bxf4 18. Bxf4 Qxf4 19. Ne5 $16) 18. Be3 Qf6 19. Ne5 Rb6 (19... Rc7 $15) 20. Bf2 Qh6 21. Be1 h4 22. Rb1 a6 23. Rf3 Bxe5 24. Qxe5 Rc6 25. Qb8+ {Double Attack} Kd7 $18 26. Qxb7+ Rc7 27. Qxa6 Qg6 28. Qd3 h3 29. g3 Nh4 30. Re3 Nf5 31. Re5 f6 32. Re2 Rh6 33. Rd1 Qg4 34. Rdd2 Nh4 35. Rf2 Nf5 36. Kf1 Nd6 37. Qf3 Qg6 38. Rfe2 Rh8 39. Qd3 Qg4 40. Rc2 Rb8 41. b3 Rbc8 42. a4 Rb8 43. c4 Rcb7 44. cxd5 exd5 45. b4 Ne4 46. b5 Qh5 47. Rc1 g5 48. Rxe4 0-1

[Event "XV South American-chW U20 2019"]
[Site "Asuncion"]
[Date "2019.05.12"]
[Round "3.3"]
[White "Malan, Lucia"]
[Black "Noronha Linares, Alessandra Fiorella"]
[Result "1-0"]
[ECO "B92"]
[WhiteElo "1880"]
[BlackElo "1506"]
[Annotator "NA RC"]
[PlyCount "100"]
[EventDate "2019.05.11"]
[EventType "swiss"]
[EventCountry "PAR"]
[SourceTitle "playchess.com"]
[Source "ChessBase"]
[SourceQuality "1"]
[TimeControl "5400+30"]

1. e4 c5 2. Nf3 d6 3. d4 cxd4 4. Nxd4 Nf6 5. Nc3 a6 6. Be2 e5 7. Nb3 Be7 8. O-O O-O 9. Be3 Be6 10. Nd5 Nxd5 11. exd5 Bf5 12. Qd2 Nd7 13. Na5 Qc7 14. c4 {[#] B92: Sicilian Najdorf: 6 Be2} Rfb8 $146 ({Predecessor:} 14... Nf6 15. b4 Ne4 16. Qb2 Bg6 17. f3 Nf6 18. Rac1 Rac8 19. Qd2 h6 20. Bd1 Qd7 21. Bb3 e4 {½-½ (45) Boehme,S (2559)-Allerberger,P (2526) Remote email 2011}) 15. b4 Nf6 16. f3 Bd7 17. Rac1 b6 18. Nb3 Qb7 19. Rfd1 Ba4 20. f4 exf4 21. Bxf4 Bxb3 22. axb3 Rc8 23. Bf3 Nd7 24. Qe1 Bf8 25. Qg3 Qc7 26. Kh1 a5 27. bxa5 bxa5 28. Bg4 Re8 29. Re1 Nc5 30. Re3 Rxe3 31. Qxe3 ({Much worse is} 31. Bxe3 Nxb3 32. Rc2 Nc5 $17) 31... Qe7 32. Rb1 Qe4 33. Qxe4 Nxe4 34. Bf3 Nc5 35. Bd2 Be7 36. Bc3 h6 37. Bd1 Bd8 38. Ra1 Ra6 (38... Rb8 $11) {White should try} 39. Bc2 $14 (39. Be2) 39... Bb6 40. g3 h5 41. Rc1 Kf8 $11 42. Bd1 Bd8 43. Bc2 Ra7 44. h3 Rb7 45. Rb1 Na6 46. Ra1 Nb4 47. Bxb4 Rxb4 48. Kg2 g6 49. Kf3 f5 50. Kf4 Kg7 1-0

[Event "XV South American-chW U20 2019"]
[Site "Asuncion"]
[Date "2019.05.12"]
[Round "3.5"]
[White "Duarte Laconich, Jazmin"]
[Black "Lugo, Tatiana"]
[Result "1-0"]
[ECO "C66"]
[WhiteElo "1263"]
[BlackElo "1310"]
[Annotator "NA RC"]
[PlyCount "79"]
[EventDate "2019.05.11"]
[EventType "swiss"]
[EventCountry "PAR"]
[SourceTitle "playchess.com"]
[Source "ChessBase"]
[SourceQuality "1"]
[TimeControl "5400+30"]

1. e4 e5 2. Nf3 Nc6 3. Bb5 d6 4. O-O Nf6 5. Re1 Bd7 6. c3 Qe7 7. d4 g6 8. Na3 Bg7 9. d5 Nb8 10. Bxd7+ Nbxd7 11. b4 O-O 12. Nc2 Rac8 13. a3 c5 14. Bd2 cxb4 15. cxb4 Rc7 16. Rc1 Rfc8 17. Na1 Rc4 18. Qe2 Nb6 19. Rxc4 Rxc4 20. Bg5 Qc7 21. Bxf6 Bxf6 22. Qd2 Kg7 23. g4 Rc3 24. Kg2 Rxa3 25. Rc1 Qd7 26. h3 h6 27. Qb2 Ra4 28. Ne1 Nxd5 29. exd5 e4 30. Qc2 Bxa1 31. Qxe4 Bf6 32. Nd3 Qb5 33. Rc7 a5 34. Qe6 h5 35. Qxf7+ Kh6 36. g5+ Kxg5 37. h4+ Kxh4 38. Qxf6+ g5 39. Qd4+ g4 40. Qf6# 1-0

[Event "XV South American-chW U20 2019"]
[Site "Asuncion"]
[Date "2019.05.13"]
[Round "4.1"]
[White "Gomez Barrera, Javiera Belen"]
[Black "Puppi Lazo, Stephanie Beatriz"]
[Result "1-0"]
[ECO "B23"]
[WhiteElo "2092"]
[BlackElo "1955"]
[Annotator "NA RC"]
[PlyCount "95"]
[EventDate "2019.05.11"]
[EventType "swiss"]
[EventCountry "PAR"]
[SourceTitle "playchess.com"]
[Source "ChessBase"]
[SourceQuality "1"]
[TimeControl "5400+30"]

1. e4 c5 2. Nc3 d6 3. d4 cxd4 4. Qxd4 Nf6 5. b3 e6 6. Bb2 {B23: Closed Sicilian: Lines without g3} Nc6 7. Qd2 Be7 (7... d5 8. exd5 exd5 9. O-O-O Be6 10. a3 Bc5 11. Nf3 {½-½ (49) Caruana,F (2819)-Vachier Lagrave,M (2773) Karlsruhe/Baden Baden 2019}) 8. O-O-O Qa5 9. Kb1 O-O 10. f4 $146 ({Predecessor:} 10. f3 a6 11. Nge2 {1-0 (22) Wolf,V (2323)-Beltz,M (1944) Dresden 2018}) 10... a6 11. Nf3 b5 12. Bd3 Nd7 13. g4 Nc5 14. h4 Nb4 (14... Bb7 $11 {remains equal.}) 15. Be2 Nc6 16. Nd4 Qc7 17. Nxc6 Qxc6 18. Bf3 Bb7 19. Qd4 e5 20. Qd2 Rfe8 (20... Qb6 $16) 21. Nd5 exf4 22. Nxe7+ Rxe7 23. Qxf4 Nxe4 24. Ka1 Qxc2 25. Rh2 (25. Rhe1 $11) 25... Qc7 26. Rc1 Qd7 27. Rd1 Rae8 28. g5 d5 29. h5 Qd6 30. Qh4 Qg3 31. Qxg3 Nxg3 32. h6 Re1 33. Rhd2 Rxd1+ 34. Rxd1 gxh6 35. gxh6 Re6 36. Rg1 Rg6 37. Re1 $17 (37. Rc1 $11 {remains equal.}) 37... Re6 38. Rg1 Rg6 39. Re1 Ne4 40. Bg7 f5 41. Rc1 Rc6 42. Rg1 Kf7 43. Bd4 Rg6 44. Bh5 Nf6 45. Bxf6 Kxf6 46. Bxg6 hxg6 47. Rh1 d4 48. Rh2 1-0

[Event "XV South American-chW U20 2019"]
[Site "Asuncion"]
[Date "2019.05.13"]
[Round "4.2"]
[White "Sanchez Tobar, Francisca Valenti"]
[Black "Campos, Maria Jose"]
[Result "1-0"]
[ECO "C47"]
[WhiteElo "1790"]
[BlackElo "2012"]
[Annotator "NA RC"]
[PlyCount "109"]
[EventDate "2019.05.11"]
[EventType "swiss"]
[EventCountry "PAR"]
[SourceTitle "playchess.com"]
[Source "ChessBase"]
[SourceQuality "1"]
[TimeControl "5400+30"]

1. e4 e5 2. Nf3 Nc6 3. Nc3 Nf6 4. d4 exd4 5. Nxd4 Bb4 6. Nxc6 bxc6 7. Bd3 d5 8. exd5 O-O 9. O-O cxd5 10. h3 {C47: Scotch Four Knights and Four Knights with 4 g3} (10. Bg5 c6 11. Qf3 Bd6 12. Rae1 Rb8 13. Nd1 h6 14. Bxf6 Qxf6 15. Qxf6 gxf6 16. b3 Kg7 17. Ne3 Re8 18. Nf5+ Bxf5 19. Bxf5 Re5 20. Bd7 Rb6 21. g3 {½-½ (43) Rapport,R (2726)-Ding,L (2809) Shenzhen 2019}) 10... c5 11. Qf3 Bb7 $146 ({Predecessor:} 11... Be6 12. Bg5 h6 13. Bh4 c4 14. Bf5 Bxc3 15. bxc3 Qd7 16. Bxf6 Bxf5 17. Qg3 Bg6 18. Bd4 Kh7 19. Rfe1 f6 20. Re2 Rfe8 {½-½ (20) Korpa,B (2499)-Gledura,B (2616) Budapest 2018}) 12. Bg5 Rb8 13. Bxf6 Qxf6 14. Qxf6 gxf6 15. Ne2 Rfe8 16. b3 c4 17. bxc4 Ba6 18. Ng3 dxc4 19. Bf5 Re5 20. Rab1 Rb6 21. Rfd1 Ra5 (21... Bc5 $11) 22. Rd8+ Kg7 23. Rbd1 Rbb5 24. Be4 Bb7 {[#]} 25. a4 $1 Bxe4 26. axb5 ({Reject} 26. Nxe4 $6 Rxa4 27. R1d4 a5 $11) 26... Bxc2 27. R1d4 Rxb5 28. Rxc4 Bg6 29. Ne2 Ba5 30. Rdc8 Bd3 31. Rg4+ Kh6 32. Ng3 Bb6 $2 (32... Bg6 33. Rg8 f5 34. Rh4+ Kg5 35. Rxh7 Rb1+ 36. Kh2 Kf6 37. Nh5+ Ke5) 33. Rh4+ Kg7 34. Nh5+ Rxh5 35. Rxh5 f5 36. Rg5+ Kf6 37. Rg3 Be4 38. Rcc3 h5 39. Rg8 Bd4 40. Ra3 Bc5 41. Ra6+ Ke7 42. Rg5 Bd3 43. Ra5 Bb6 44. Ra3 Bc2 45. Rxh5 a5 46. Rh6 f6 47. Rh7+ Kd6 48. Rc3 Be4 49. Rf7 Ke6 50. Rf8 a4 51. Rfc8 Kd7 $18 52. R8c4 Ba5 53. Ra3 Bc6 54. h4 Bd8 55. h5 1-0